 Dungeon Crawl Stone Soup version 0.30-a0-883-g5ad918d77d (console) character file.

Game seed: 2366098580136566306

231 Abuh the Sneak (level 6, -1/35 HPs)
             Began as a Kobold Brigand on Mar 15, 2023.
             Killed from afar by a dart slug (3 damage)
             ... with a slug dart
             ... on level 4 of the Dungeon.
             The game lasted 00:08:09 (2661 turns).

Abuh the Sneak (Kobold Brigand)                     Turns: 2661, Time: 00:08:10

Health: -1/35      AC:  3    Str:  8    XL:     6   Next: 24%
Magic:  6/6        EV: 14    Int: 13    God:
Gold:   282        SH:  0    Dex: 18    Spells: 5/5 levels left

rFire   . . .      SeeInvis .    a - +2 dagger
rCold   . . .      Faith    .    (no shield)
rNeg    . . .      Spirit   .    b - +0 robe
rPois   .          Reflect  .    (no helmet)
rElec   .          Rampage  .    c - +0 cloak
rCorr   .                        (no gloves)
Will    .....                    (no boots)
Stlth   +++++                    (no amulet)
HPRegen 0.25/turn                (no ring)
MPRegen 0.10/turn                (no ring)

@: no status effects
A: small, no large weapons, nightstalker 3
a: no special abilities


You were on level 4 of the Dungeon.
You visited 1 branch of the dungeon, and saw 4 of its levels.

You collected 282 gold pieces.

Inventory:

Hand Weapons
 a - a +2 dagger (weapon)
Missiles
 d - 7 poisoned darts (quivered)
 e - 3 curare-tipped darts
Armour
 b - a +0 robe (worn)
 c - a +0 cloak (worn)
Magical Staves
 g - a staff of death
Scrolls
 f - 2 scrolls of identify {unknown}
 h - a scroll of fog {unknown}
 i - a scroll of fear {unknown}
 j - 2 scrolls of teleportation {unknown}
 l - a scroll of immolation {unknown}
 p - a scroll of enchant weapon {unknown}
Potions
 k - a potion of haste {unknown}
 n - a potion of brilliance {unknown}
 o - a potion of cancellation {unknown}
 q - a potion of flight {unknown}


   Skills:
 - Level 2.1 Fighting
 + Level 5.9 Short Blades
 - Level 2.1 Throwing
 - Level 1.2 Dodging
 + Level 7.9 Stealth


You had 5 spell levels left.
You didn't know any spells.
Your spell library contained the following spells:

 Spells                   Type           Power      Damage    Failure   Level
 Magic Dart               Conj           0%         1d3       30%         1
 Summon Small Mammal      Summ           0%         N/A       30%         1
 Searing Ray              Conj           0%         2d4       43%         2
 Call Canine Familiar     Summ           0%         N/A       67%         3
 Summon Guardian Golem    Hex/Summ       0%         N/A       67%         3
 Fulminant Prism          Conj/Hex       0%         3d5       97%         4


Dungeon Overview and Level Annotations

Branches:
Dungeon (4/15)
 Temple: D:4-7

Altars:
Qazlal


Innate Abilities, Weirdness & Mutations

You are small and have problems with some larger weapons.
You are completely attuned to the shadows.


Message History

The ogre is heavily wounded.
The ogre hits you with a +0 giant club!!
Ouch! That really hurt!
* * * LOW HITPOINT WARNING * * *
You hit the ogre.
The ogre is severely wounded.
The dart slug closely misses you.
Okay, then.
Okay, then.
You hit the ogre.
The ogre is severely wounded.
The ogre misses you.
You hit the ogre.
The ogre is almost dead.
The dart slug bites you but does no damage.
You hit the ogre.
You kill the ogre!
The dart slug misses you.
You have reached level 6!
You hit the dart slug.
The dart slug is moderately wounded.
You hit the dart slug.
The dart slug is heavily wounded.
The dart slug bites you.
* * * LOW HITPOINT WARNING * * *
You hit the dart slug but do no damage.
You punch the dart slug, but do no damage.
The dart slug is heavily wounded.
You hit the dart slug but do no damage.
You punch the dart slug, but do no damage.
The dart slug is heavily wounded.
The dart slug launches a dart at you.
The slug dart hits you but does no damage.
You hit the dart slug.
The dart slug is severely wounded.
You hit the dart slug.
The dart slug is severely wounded.
The dart slug launches a dart at you. The slug dart hits you.
You die...

..#. ..# ....
#####.########
.....##.....##.....#
.....#.............#
...#.............<.#
.....†<.......)....#
..#)..............#
#...............#
#.....>.........#
.###......[........####
.....#...................
.....##.....##......[....
.....############........
.....# #...w.... .....#
#...@)>.. >....#
#....!>.! #########


You could see a dart slug.

Vanquished Creatures
  An ogre (D:4)
  An iguana (D:4)
  3 adders
  3 worms
  2 dart slugs
  5 orcs
  8 bats
  12 endoplasms
  A giant cockroach (D:4)
  2 goblins
  3 hobgoblins
  5 jackals
  3 quokkas
  5 ball pythons
  2 frilled lizards
  6 kobolds
  4 rats
66 creatures vanquished.

Notes
Turn   | Place    | Note
-------+----------+-------------------------------------------
     0 | D:1      | Abuh the Kobold Brigand began the quest for the Orb.
     0 | D:1      | Reached XP level 1. HP: 12/12 MP: 1/1
   292 | D:1      | Reached XP level 2. HP: 2/17 MP: 2/2
   691 | D:1      | Reached skill level 6 in Stealth
   691 | D:1      | Reached XP level 3. HP: 21/21 MP: 3/3
  1334 | D:2      | Reached XP level 4. HP: 22/26 MP: 4/4
  1698 | D:3      | Found a stormy altar of Qazlal.
  1810 | D:3      | Found a faded altar of an unknown god.
  1982 | D:3      | Reached XP level 5. HP: 30/30 MP: 5/5
  2117 | D:3      | Reached skill level 7 in Stealth
  2579 | D:4      | Reached skill level 5 in Short Blades
  2638 | D:4      | Noticed an ogre
  2651 | D:4      | HP: 1/30 [ogre/+0 giant club (27)]
  2655 | D:4      | Killed an ogre
  2656 | D:4      | Reached XP level 6. HP: 2/35 MP: 6/6
  2657 | D:4      | HP: 1/35 [dart slug (1)]
  2661 | D:4      | Killed from afar by a dart slug

Illustrated notes

Levels and vault maps discovered:
D:1:      dpeg_arrival_connections, layout_loops_ring, st_stairs_8,
          nicolae_concentric_dashed_squares_mild
D:2:      layout_basic
D:3:      layout_loops_ring, amcnicky_altar_gilded,
          shapermc_ecumenical_altar_starsandcircs
D:4:      layout_rooms, nzn_wu_jian_contemplation,
          minmay_temple_entry_gardened_gates, kennysheep_pointless_box

Skill      XL: |  1  2  3  4  5 |
---------------+----------------+-----
Short Blades   | 3 4 5 |  5.9
Stealth        | 6 7 |  7.9
Fighting       | |  2.1
Throwing       | |  2.1
Dodging        | |  1.2

Action                     |  1- 3 |  4- 6 || total
---------------------------+-------+-------++-------
  Melee: Dagger            |    69 |   105 ||   174
         Punch             |       |     2 ||     2
  Throw: Dart              |       |     7 ||     7
    Use: Potion            |       |     3 ||     3
   Stab: Sleeping          |    18 |    16 ||    34
         Distracted        |       |     1 ||     1
 Armour: Robe              |    11 |    12 ||    23
  Dodge: Dodged            |    31 |    48 ||    79

Table legend: (Time is in decaauts)
 A = Elapsed time spent in this place.
 B = Non-inter-level travel time spent in this place.
 C = Inter-level travel time spent in this place.
 D = Time resting spent in this place.
 E = Time spent auto-exploring this place.
 F = Levels seen in this place.
 G = Mean time per level.
                   A        B        C        D        E       F      G
               +--------+--------+--------+--------+--------+-----+--------+
         Total |   2624 |   2422 |    202 |    136 |   1857 |   4 |  656.0 |
       Dungeon |   2624 |   2422 |    202 |    136 |   1857 |   4 |  656.0 |
               +--------+--------+--------+--------+--------+-----+--------+

Top non-repeatable levels by time:
     D:2: 925 daAuts
     D:3: 862 daAuts
     D:1: 741 daAuts
     D:4: 95 daAuts
